 Dungeon Crawl Stone Soup version 0.25.0-26-g0c896c7088 (webtiles) character file.

Game seed: 2330695504911829380

101 Exodus22XD the Poker (level 4, -2/35 HPs)
             Began as a Demonspawn Gladiator on July 4, 2020.
             Slain by Crazy Yiuf
             ... wielding a +4 quarterstaff of chaos
              (5 damage)
             ... on level 2 of the Dungeon.
             The game lasted 00:02:54 (1738 turns).

Exodus22XD the Poker (Demonspawn Gladiator)         Turns: 1738, Time: 00:02:55

Health: -2/35      AC:  8    Str: 15    XL:     4   Next: 48%
Magic:  0/4        EV: 12    Int: 10    God:
Gold:   69         SH:  0    Dex: 14    Spells: 3/3 levels left

rFire    . . .     SeeInvis .   a - +0 trident
rCold    . . .     Gourm    .   (no shield)
rNeg     . . .     Faith    .   l - +0 ring mail
rPois    .         Spirit   .   c - +0 helmet
rElec    .         Reflect  .   (no cloak)
rCorr    .         Harm     .   (no gloves)
MR       +....                  j - +0 pair of boots (curse)
Stlth    +.........             (no amulet)
HPRegen  0.11/turn              g - ring of protection from magic
MPRegen  0.09/turn              (no ring)

@: no status effects
A: hooves 1, rugged brown scales 1, spiny 1
a: no special abilities


You were on level 2 of the Dungeon.
You were not hungry.

You visited 1 branch of the dungeon, and saw 2 of its levels.

You collected 69 gold pieces.

Inventory:

Hand Weapons
 a - a +0 trident (weapon)
Missiles
 d - 3 throwing nets (quivered)
Armour
 b - a +0 leather armour
 c - a +0 helmet (worn)
 j - a cursed +0 pair of boots (worn)
 l - a +0 ring mail (worn)
Jewellery
 g - a ring of protection from magic (left hand)
Scrolls
 e - a scroll of immolation {unknown}
 k - a scroll of remove curse {unknown}
 n - a scroll of random uselessness {unknown}
 p - a scroll of fog {unknown}
Potions
 h - a potion of heal wounds {unknown}
 i - a potion of curing {unknown}
 o - a potion of stabbing {unknown}
 q - a potion of mutation {unknown}
Comestibles
 f - 5 rations


   Skills:
 + Level 2.3 Fighting
 + Level 4.0 Polearms
 - Level 1.7 Throwing
 + Level 0.6 Armour
 + Level 3.2 Dodging
 + Level 0.4 Stealth


You had 3 spell levels left.
You didn't know any spells.
Your spell library was empty.

Dungeon Overview and Level Annotations

Branches:
Dungeon (2/15)

Altars:
Ashenzari
Fedhas
Kikubaaqudgha

Annotations:
D:2 Crazy Yiuf


Innate Abilities, Weirdness & Mutations

You have large cloven feet.
You are partially covered in rugged brown scales. (AC +1, +3% HP)
You are partially covered in sharp spines.


Message History

Crazy Yiuf is almost dead.
Crazy Yiuf hits you with a +4 quarterstaff of chaos!
* * * LOW HITPOINT WARNING * * *
You convulse.
* * * LOW HITPOINT WARNING * * *
Your ring mail prevents you from hitting Crazy Yiuf.
Crazy Yiuf is almost dead.
Crazy Yiuf yells, "Iron aubergine unthinkable!"
Crazy Yiuf misses you.
You hit Crazy Yiuf but do no damage.
Crazy Yiuf is almost dead.
Crazy Yiuf hits you with a +4 quarterstaff of chaos.
* * * LOW HITPOINT WARNING * * *
Crazy Yiuf freezes you.
* * * LOW HITPOINT WARNING * * *
You completely miss Crazy Yiuf.
Crazy Yiuf is almost dead.
Crazy Yiuf laughs, "Goldfish sing-song testudinal!"
Crazy Yiuf hits you with a +4 quarterstaff of chaos.
You die...

##..............#...........
#.....##........#...........
#.######........#.........#.
#.# ############........_
#.# #########. #.# #.
#.###♣♣ ### ## #.....♣♣
♣♣#..)# #......♣♣♣♣@g...#
##......♣..♣#...#
##....♣.♣♣♣ ### ###♣♣♣♣♣


You could see Crazy Yiuf.

Vanquished Creatures
  Jessica (D:2)
  Terence (D:2)
  2 adders (D:2)
  A worm (D:2)
  A leopard gecko (D:2)
  2 giant cockroaches (D:2)
  2 goblins
  4 hobgoblins
  2 jackals (D:1)
  3 bats
  4 frilled lizards
  5 kobolds
  3 rats (D:1)
31 creatures vanquished.

Notes
Turn   | Place    | Note
-------+----------+-------------------------------------------
     0 | D:1      | Exodus22XD the Demonspawn Gladiator began the quest for the
                  | Orb.
     0 | D:1      | Reached XP level 1. HP: 16/16 MP: 1/1
   462 | D:1      | Reached skill level 3 in Polearms
   462 | D:1      | Gained mutation: You are partially covered in rugged brown
                  | scales. (AC +1, +3% HP) [demonic ancestry]
   462 | D:1      | Reached XP level 2. HP: 16/22 MP: 2/2
   970 | D:2      | Found an ancient bone altar of Kikubaaqudgha.
   976 | D:2      | Found a blossoming altar of Fedhas.
  1247 | D:2      | Found a runed translucent door.
  1248 | D:2      | Noticed Crazy Yiuf
  1282 | D:2      | Noticed Jessica
  1290 | D:2      | Killed Jessica
  1290 | D:2      | Gained mutation: You are partially covered in sharp spines.
                  | [demonic ancestry]
  1290 | D:2      | Reached XP level 3. HP: 27/27 MP: 3/3
  1305 | D:2      | Found a shattered altar of Ashenzari.
  1340 | D:2      | Noticed Terence
  1353 | D:2      | Killed Terence
  1353 | D:2      | Gained mutation: You have large cloven feet. [demonic
                  | ancestry]
  1353 | D:2      | Reached XP level 4. HP: 16/33 MP: 4/4
  1477 | D:2      | Reached skill level 4 in Polearms
  1738 | D:2      | Slain by Crazy Yiuf

Illustrated notes

Levels and vault maps discovered:
D:1:      wander_arrival_estate, layout_loops_ring
D:2:      layout_basic, grunt_temple_overflow_growth_and_decay,
          ashenzari_altar_1, uniq_crazy_yiuf_cottage, uniq_terence, uniq_jessica

Skill      XL: |  1  2  3  4 |
---------------+-------------+-----
Polearms       | 3 4 |  4.0
Dodging        | 3 |  3.2
Fighting       | |  2.3
Throwing       | |  1.7
Armour         | |  0.6
Stealth        | |  0.4

Action                   |  1- 3 |  4- 6 || total
-------------------------+-------+-------++-------
Melee: Trident           |    99 |    28 ||   127
  Eat: Chunk             |     1 |     2 ||     3
Armor: Leather armour    |    14 |       ||    14
       Ring mail         |    16 |     2 ||    18
Dodge: Dodged            |    53 |    15 ||    68
